[Event "Early-Titled-Tuesday-Blitz-April-02-2024"]
[Site "Chess.com"]
[Date "2024.04.02"]
[Round "4"]
[White "artin10862"]
[Black "Saxar85"]
[Result "1-0"]
[WhiteElo "2926"]
[BlackElo "2739"]
[TimeControl "180+1"]
[EndTime "8:38:35 PDT"]
[Termination "artin10862 won by resignation"]

1. c4 e5 2. Nc3 Nf6 3. Nf3 Nc6 4. e3 Bb4 5. Qc2 Bxc3 6. Qxc3 Qe7 7. a3 d5 8. cxd5 Nxd5 9. Qb3 Nb6 10. d3 O-O 11. Be2 Rd8 12. Qc2 Bf5 13. Nd2 Bg6 14.
b4 a6 15. Bb2 f5 16. O-O f4 17. Rac1 fxe3 18. fxe3 Nd5 19. Nc4 Qg5 20. Rf3 Rf8 21. Rg3 Qe7 22. Qb3 Bf7 23. Qc2 Rad8 24. Nd2 Bg6 25. Ba1 Kh8 26. Ne4 Nf6 27. Nc5 e4 28. dxe4 Nxe4 29. Nxe4 Bxe4 30. Rxg7 1-0

[Event "Early-Titled-Tuesday-Blitz-April-02-2024"]
[Site "Chess.com"]
[Date "2024.04.02"]
[Round "4"]
[White "profedechess93"]
[Black "David_ATM"]
[Result "1-0"]
[WhiteElo "2649"]
[BlackElo "2420"]
[TimeControl "180+1"]
[EndTime "8:38:35 PDT"]
[Termination "profedechess93 won by resignation"]

1. e4 e5 2. Nf3 Nc6 3. Bc4 Bc5 4. b4 Bxb4 5. c3 Ba5 6. d4 exd4 7. Qb3 Qf6 8. O-O Bb6 9. e5 Qg6 10. cxd4 Na5 11. Qb4 Nxc4 12. Qxc4 Ne7 13. Ba3 d6 14. exd6 cxd6 15. Re1 Be6 16. d5 Bh3 17. Nh4 Qf6 18.
Nf3 Qg6 19. g3 Bd7 20. Nbd2 Rc8 21. Qe2 Bd8 22. Ne4 O-O 23. Nxd6 Rc2 24. Qd1 Rc3 25. Bb4 Rc7 26. Ne4 h6 27. d6 Rc4 28. dxe7 Bxe7 29. Bxe7 Re8 30. Qxd7 Qc6 31. Qxc6 bxc6 32.
Nd6 1-0

[Event "Early-Titled-Tuesday-Blitz-April-02-2024"]
[Site "Chess.com"]
[Date "2024.04.02"]
[Round "4"]
[White "Zhani-Z"]
[Black "mightysmasher"]
[Result "0-1"]
[WhiteElo "2342"]
[BlackElo "2579"]
[TimeControl "180+1"]
[EndTime "8:38:36 PDT"]
[Termination "mightysmasher won on time"]

1. e4 e6 2. d4 d5 3. Nd2 dxe4 4. Nxe4 Nd7 5. Nf3 Ngf6 6. Nxf6+ Nxf6 7. g3 b6 8. Bb5+ Bd7 9. Be2 Bd6 10. Ne5 O-O 11.
Nxd7 Qxd7 12. Bf3 Rad8 13. O-O c5 14. dxc5 Bxc5 15. Qe2 h6 16. c3 a5 17. Bf4 Qd3 18.
Rad1 Qxe2 19. Bxe2 Nd5 20. Bd2 Nf6 21. b4 axb4 22. cxb4 Be7 23. Bf3 Nd5 24. Rb1 Nc7 25. Be3 Nd5 26. Bxd5 Rxd5 27. Bxb6 Rb8 28. Ba5 Rd2 29.
b5 Rxa2 30. Bc7 Rb7 31. b6 Bc5 32. Rb5 Bd4 33. Kg2 f6 34. Kf3 e5 35. Ke4 Rd2 36.
f4 exf4 37. gxf4 Kf7 38. Kd5 Bxb6+ 39. Kc6 Rxc7+ 40. Kxb6 Rcc2 41. h4 Rd6+ 42. Kb7 Re2 43. Rc1 Rd7+ 44. Rc7 Rxc7+ 45. Kxc7 Rh2 46. h5 Rh4 47.
Kd6 Rxf4 48. Rb7+ Kg8 49. Ke6 Re4+ 50. Kf5 Rh4 0-1

[Event "Early-Titled-Tuesday-Blitz-April-02-2024"]
[Site "Chess.com"]
[Date "2024.04.02"]
[Round "4"]
[White "zverr1"]
[Black "ChristianArca"]
[Result "1-0"]
[WhiteElo "2563"]
[BlackElo "2667"]
[TimeControl "180+1"]
[EndTime "8:38:38 PDT"]
[Termination "zverr1 won on time"]

1. e4 c6 2. d4 d5 3. Nc3 dxe4 4. Nxe4 Bf5 5. Ng3 Bg6 6. h4 h6 7. N1e2 e6 8. Nf4 Bh7 9. Bc4 Nf6 10. Nfh5 Nbd7 11.
c3 Nxh5 12. Nxh5 Nf6 13. Bf4 Nxh5 14. Qxh5 Bd6 15. Bxd6 Qxd6 16. O-O O-O 17. Rfe1 Qf4 18. g3 Qd6 19. a4 Rfd8 20. Re5 Bg6 21. Qe2 Rac8 22.
Re1 Bf5 23. b4 b6 24. Qh5 Bg6 25. Qe2 Bh7 26. Qh5 Bc2 27. Rxe6 fxe6 28. Rxe6 Kh8 29. Rxd6 Rxd6 30. Qe5 Rcd8 31. Qe2 Bxa4 32. Qe4 Bb5 33. Bb3 1-0

[Event "Early-Titled-Tuesday-Blitz-April-02-2024"]
[Site "Chess.com"]
[Date "2024.04.02"]
[Round "4"]
[White "PIwan"]
[Black "AsterPhoenix"]
[Result "1-0"]
[WhiteElo "2447"]
[BlackElo "2644"]
[TimeControl "180+1"]
[EndTime "8:38:40 PDT"]
[Termination "PIwan won by resignation"]

1. c4 e6 2. Nc3 d5 3. d4 Nf6 4. cxd5 exd5 5. Bg5 Bb4 6. e3 h6 7. Bxf6 Qxf6 8. Qa4+ Nc6 9. Nf3 O-O 10. Bb5 Bh3 11. O-O Bxc3 12. bxc3 Ne7 13. Ne5 Qg5 14. g3 c6 15. Bd3 Bxf1 16. Rxf1 Ng6 17. Bxg6 fxg6 18. f4 Qe7 19. c4 Kh7 20. Qc2 Rf6 21. cxd5 cxd5 22. Rc1 Rd8 23. h4 h5 24. Kf2 Rdd6 25. Qb3 Qe6 26. Rc7 Rb6 27. Qa3 Qh3 28. Nf3 Rfc6 29.
Rxc6 Qf5 30. Rxb6 axb6 31. Qb2 Qd3 32. Ne5 Qa6 33. Qc2 Kh8 34. Nxg6+ Kg8 35. Ne7+ Kf7 36.
Nxd5 Qa5 37. Qf5+ Ke8 38. Nc7+ 1-0

[Event "Early-Titled-Tuesday-Blitz-April-02-2024"]
[Site "Chess.com"]
[Date "2024.04.02"]
[Round "4"]
[White "Dewarfd"]
[Black "kai_nov"]
[Result "0-1"]
[WhiteElo "2116"]
[BlackElo "2340"]
[TimeControl "180+1"]
[EndTime "8:38:40 PDT"]
[Termination "kai_nov won by resignation"]

1. c4 e5 2. Nc3 Nf6 3. g3 Nc6 4. Bg2 Bb4 5. Nd5 O-O 6. Nxb4 Nxb4 7. d4 exd4 8. a3 Nc6 9. Nf3 d5 10. Nxd4 Nxd4 11. Qxd4 dxc4 12. Qxc4 Be6 13. Qc2 c6 14. O-O Bd5 15. Rd1 Qe7 16. Bg5 Bxg2 17. Kxg2 Qe4+ 18.
Qxe4 Nxe4 19. Be3 b6 20. Rd7 Rfd8 21. Rad1 Rxd7 22. Rxd7 Nf6 23. Rc7 c5 24. Bg5 Nd5 25. Rd7 Nf6 26. Bxf6 gxf6 27. e4 Kf8 28. f4 Ke8 29. Rd5 Rd8 30. Kf3 Rxd5 31. exd5 f5 32. h3 Kd7 33. g4 Kd6 34. Kg3 fxg4 35. Kxg4 Kxd5 36. Kf5 b5 37. h4 a5 38. h5 b4 39. Kf6 c4 40. Kxf7 c3 41. bxc3 bxc3 42. Kg7 c2 43. Kxh7 c1=Q 44. h6 Qxf4 45. a4 Qxa4 46. Kh8 Qd4+ 47. Kg8 Qg4+ 48. Kh8 a4 49. h7 Qd4+ 50. Kg8 a3 0-1

[Event "Early-Titled-Tuesday-Blitz-April-02-2024"]
[Site "Chess.com"]
[Date "2024.04.02"]
[Round "4"]
[White "bilelou"]
[Black "ploxoi"]
[Result "1-0"]
[WhiteElo "2663"]
[BlackElo "2440"]
[TimeControl "180+1"]
[EndTime "8:38:41 PDT"]
[Termination "bilelou won by resignation"]

1. e4 e6 2. d4 d5 3. e5 c5 4.
c3 Nc6 5. g3 Qb6 6. Ne2 Bd7 7.
Bh3 Rc8 8. O-O Na5 9. dxc5 Qc7 10. b4 Nc4 11. f4 a5 12. Na3 Nxa3 13. Bxa3 Bb5 14. Nd4 Bxf1 15. Bxf1 Ne7 16. Qa4+ Nc6 17. b5 Nxd4 18. cxd4 b6 19. Rc1 Qd8 20. Bd3 Be7 21.
Kg2 g6 22. h4 h5 23. Qc2 Kf8 24. Bxg6 fxg6 25. Qxg6 Qd7 26. c6 Qe8 27. Qf6+ Kg8 28. Bxe7 Qf7 29. c7 Qxf6 30. Bxf6 Rh7 31. Bd8 Rd7 32. Rc6 Kf7 33. Kf3 a4 34. a3 Rdxd8 35.
cxd8=Q Rxd8 36. Rxb6 Rc8 37. Rc6 Ra8 38. Ke3 Ra5 39.
Rc5 Ke7 40. Kd3 Kd7 41. Kc3 Ra8 42. Kb4 Rg8 43. Rc3 Ra8 44. b6 Rb8 45. Kb5 Kd8 46. Rc7 Ke8 47. Rh7 1-0

[Event "Early-Titled-Tuesday-Blitz-April-02-2024"]
[Site "Chess.com"]
[Date "2024.04.02"]
[Round "4"]
[White "LionKing2367890"]
[Black "Grossboss19"]
[Result "0-1"]
[WhiteElo "2282"]
[BlackElo "2571"]
[TimeControl "180+1"]
[EndTime "8:38:41 PDT"]
[Termination "Grossboss19 won on time"]

1. e4 e6 2. d4 Ne7 3. Nd2 d5 4. exd5 exd5 5. f4 h5 6. Ndf3 Bg4 7. Bd3 Nd7 8. h3 Bxf3 9. Nxf3 Nf6 10. O-O Qd6 11. c3 O-O-O 12. a4 Nc6 13. b4 Ne4 14. Bxe4 dxe4 15. Ne5 Qd5 16. Be3 f6 17. c4 Qd6 18.
Nf7 Qxb4 19. Nxh8 Qxc4 20. Ng6 Bb4 21. Rc1 Qa2 22. Qxh5 Qb3 23. Qf5+ Kb8 24. Qxe4 Qf7 25. d5 Re8 26. Qd3 Na5 27. f5 b6 28. Bf4 Bc5+ 29.
Rxc5 bxc5 30. Qb5+ Kc8 31. Qxa5 Qxd5 32. Qa6+ Kd8 33.
Qxa7 Qd4+ 34. Kh1 Qd7 35. Qxc5 Re4 36. Qf8+ Re8 37. Qb4 Qxf5 38. Rd1+ Kc8 39. Rc1 Kd7 40. Rxc7+ Ke6 0-1

[Event "Early-Titled-Tuesday-Blitz-April-02-2024"]
[Site "Chess.com"]
[Date "2024.04.02"]
[Round "4"]
[White "santosalberto1987"]
[Black "rhwr"]
[Result "1-0"]
[WhiteElo "2507"]
[BlackElo "2260"]
[TimeControl "180+1"]
[EndTime "8:38:41 PDT"]
[Termination "santosalberto1987 won by resignation"]

1. e4 c5 2. Nf3 d6 3. Bb5+ Nd7 4. d4 cxd4 5. Qxd4 a6 6. Bxd7+ Bxd7 7. Nc3 e6 8. Bg5 Qc7 9. O-O-O Rc8 10. Rhe1 f6 11. Be3 b5 12. Qd2 b4 13. Ne2 Ne7 14. Kb1 Nc6 15.
Ned4 Ne5 16. Nxe5 fxe5 17. Nb3 a5 18. f4 a4 19. Nc1 exf4 20. Bxf4 e5 21. Bg5 h6 22.
Bh4 g5 23. Bg3 Be7 24. Rf1 Be6 25. Rf2 b3 26. cxb3 axb3 27. Nxb3 Qb7 28. Qe3 Ra8 29. Nc1 Kd7 30. Bxe5 Rhc8 31. Bxd6 Rxc1+ 32. Kxc1 Bxd6 33. e5 Rc8+ 34. Kb1 Ra8 35. Rxd6+ Ke7 36. Rxe6+ Kxe6 37.
Rf6+ Ke7 38. Qc5+ Ke8 39. Rf8+ 1-0

[Event "Early-Titled-Tuesday-Blitz-April-02-2024"]
[Site "Chess.com"]
[Date "2024.04.02"]
[Round "4"]
[White "IMchanged"]
[Black "Licancabur"]
[Result "1-0"]
[WhiteElo "2671"]
[BlackElo "2495"]
[TimeControl "180+1"]
[EndTime "8:38:42 PDT"]
[Termination "IMchanged won on time"]

1. d4 d5 2. Nc3 Nf6 3. Bf4 e6 4. e3 Bb4 5. Ne2 Nh5 6. Be5 f6 7.
a3 Be7 8. Nf4 Nxf4 9. Bxf4 O-O 10. Bd3 f5 11. Nb5 Na6 12. h4 c6 13. Nc3 Nc7 14. Qf3 Ne8 15. Qh3 Nf6 16. f3 b5 17.
h5 a5 18. Be5 Bd7 19. g4 fxg4 20. fxg4 b4 21. Ne2 bxa3 22. bxa3 Ne4 23. Ng3 Ng5 24.
Qg2 Nf3+ 25. Ke2 Nxe5 26. dxe5 c5 27. c4 Bc6 28. Rad1 Qc7 29. cxd5 Bxd5 30. Be4 Bc4+ 31. Ke1 Qxe5 32. Bxa8 Qc3+ 33. Qd2 Qe5 34. Rg1 Rxa8 35. Rc1 Ba6 36. Qc3 Qc7 37. h6 gxh6 38. Nh5 Bh4+ 39. Kd1 Rd8+ 40. Kc2 Qf7 41. Kb2 Rb8+ 42. Ka1 e5 43.
Rb1 Rd8 44. Qxa5 Rc8 45. Qxa6 1-0

[Event "Early-Titled-Tuesday-Blitz-April-02-2024"]
[Site "Chess.com"]
[Date "2024.04.02"]
[Round "4"]
[White "Kotofeyca"]
[Black "Bykov_Egor"]
[Result "1/2-1/2"]
[WhiteElo "2501"]
[BlackElo "2652"]
[TimeControl "180+1"]
[EndTime "8:38:42 PDT"]
[Termination "Game drawn by repetition"]

1. d4 Nf6 2. c4 c6 3. Nc3 d5 4. cxd5 cxd5 5. Bf4 Nc6 6. e3 a6 7. Nf3 Bg4 8. h3 Bh5 9. g4 Bg6 10. Ne5 Nxe5 11. dxe5 Ne4 12. Qxd5 e6 13. Qxd8+ Rxd8 14. f3 Nxc3 15. bxc3 Ba3 16. Rh2 Bd3 17. Bg5 Rd7 18.
Rd1 Bxf1 19. Rxd7 Kxd7 20. Rd2+ Kc6 21. Kxf1 b5 22. e4 Rc8 23. Rd3 Rc7 24. Ke2 Rd7 25.
Rxd7 Kxd7 26. Kd3 Kc6 27. c4 Bb2 28. cxb5+ Kxb5 29. f4 g6 30. Be7 Bc1 31. f5 Bb2 32. fxe6 fxe6 33. Bd6 Bc1 34. Kc3 Bf4 35. Kb3 Bd2 36. a4+ Kc6 37. Kc4 Bf4 38. Bb8 Bd2 39.
Bd6 Bf4 40. Bb8 Bd2 41. Bd6 1/2-1/2

[Event "Early-Titled-Tuesday-Blitz-April-02-2024"]
[Site "Chess.com"]
[Date "2024.04.02"]
[Round "4"]
[White "Sunny_Star"]
[Black "ChempionBg"]
[Result "0-1"]
[WhiteElo "2006"]
[BlackElo "2289"]
[TimeControl "180+1"]
[EndTime "8:38:42 PDT"]
[Termination "ChempionBg won by resignation"]

1. e4 c5 2. Nf3 d6 3. d4 cxd4 4.
Nxd4 Nf6 5. Nc3 a6 6. Bg5 Nbd7 7.
Qd2 e6 8. Nb3 Be7 9. a4 O-O 10.
a5 Nc5 11. Nxc5 dxc5 12. Bd3 e5 13. Na4 Be6 14. Nb6 Rb8 15. Qe2 Nd7 16. Bxe7 Qxe7 17.
Nc4 Qg5 18. O-O Nf6 19. Kh1 Ng4 20. f3 Nf6 21. g3 Rbd8 22. f4 exf4 23. gxf4 Qh6 24.
f5 Bxc4 25. Bxc4 Rd2 26. Rf2 Rxe2 27. Rxe2 Ng4 28. e5 Ne3 29. Rb1 Nxc4 0-1

[Event "Early-Titled-Tuesday-Blitz-April-02-2024"]
[Site "Chess.com"]
[Date "2024.04.02"]
[Round "4"]
[White "Attacker_2006"]
[Black "Zakaryan_David"]
[Result "0-1"]
[WhiteElo "2440"]
[BlackElo "2664"]
[TimeControl "180+1"]
[EndTime "8:38:43 PDT"]
[Termination "Zakaryan_David won by resignation"]

1. e4 c5 2. Nc3 Nc6 3. f4 g6 4. Nf3 Bg7 5. Bc4 e6 6. f5 Nge7 7. fxe6 fxe6 8. O-O O-O 9. d3 Na5 10. Bb3 d5 11. exd5 Nxb3 12. axb3 exd5 13. Bg5 d4 14.
Na4 h6 15. Bxe7 Qxe7 16. Nb6 Rb8 17. Nxc8 Rbxc8 18. Rxa7 Rce8 19. Re1 Qc7 20. Ra1 h5 21. Qd2 b6 22. Qg5 Kh7 23. Qd5 Bh6 24. Rf1 Be3+ 25.
Kh1 Rf5 26. Qc4 Ref8 27. c3 Qd6 28. Ra7+ Kh6 29. cxd4 cxd4 30. Rc7 R5f6 31. Ra1 Rxf3 32. gxf3 Rxf3 33. Rf7 Rh3 34. Rh7+ Kxh7 35. Qf7+ Kh6 36. Qf8+ Qxf8 0-1

[Event "Early-Titled-Tuesday-Blitz-April-02-2024"]
[Site "Chess.com"]
[Date "2024.04.02"]
[Round "4"]
[White "SaqoChess_Twitch"]
[Black "the_chess_child"]
[Result "1-0"]
[WhiteElo "2685"]
[BlackElo "2832"]
[TimeControl "180+1"]
[EndTime "8:38:44 PDT"]
[Termination "SaqoChess_Twitch won by resignation"]

1. d4 Nf6 2. c4 g6 3. Nc3 Bg7 4. Nf3 O-O 5. h3 d6 6. Bf4 Nbd7 7. e3 Qe8 8. Be2 b6 9. O-O Bb7 10. Qc2 e5 11. dxe5 dxe5 12. Bh2 Qe7 13. Rfd1 e4 14.
Nd4 Ne5 15. Nd5 Nxd5 16. cxd5 Bxd5 17. Nb5 c6 18. Nc3 Rad8 19. Nxe4 Ng4 20. Nc3 Nxe3 21.
fxe3 Qxe3+ 22. Kh1 Bxc3 23. bxc3 Be4 24. Qb2 Qxh3 25.
Bf1 Rd5 26. Rxd5 cxd5 27. Re1 Qh4 28. Qd2 Re8 29. Kg1 Qg4 30. Qf4 Qd7 31. Qf6 Re6 32. Qd4 Qe7 33. c4 dxc4 34. Bxc4 Bd5 35. Rxe6 Bxe6 36. Bxe6 Qxe6 37. Qd8+ Kg7 38. Qd4+ Kg8 39. Be5 Qe7 40. Bf6 Qe8 41. Qd8 Qxd8 42. Bxd8 Kf8 43.
Kf2 Ke8 44. Bg5 Kd7 45. Ke3 Ke6 46. Kd4 f6 47. Bf4 Kf5 48. Bb8 a5 49. a4 Ke6 50.
Bc7 h5 51. Bxb6 g5 52. Bxa5 g4 53. Be1 f5 54. Bg3 f4 55. Bxf4 h4 56. a5 Kd7 57.
Bh2 Kc6 58. Ke4 Kb5 59. Kf4 h3 60. g3 Kxa5 61. Kxg4 1-0

[Event "Early-Titled-Tuesday-Blitz-April-02-2024"]
[Site "Chess.com"]
[Date "2024.04.02"]
[Round "4"]
[White "inagreV"]
[Black "Bilan_Danila"]
[Result "0-1"]
[WhiteElo "2381"]
[BlackElo "2598"]
[TimeControl "180+1"]
[EndTime "8:38:44 PDT"]
[Termination "Bilan_Danila won by resignation"]

1. e4 c6 2. d4 d5 3. e5 c5 4. dxc5 Nc6 5. a3 Nxe5 6. Bb5+ Nc6 7. b4 Nf6 8. Bb2 g6 9. Nf3 Bg7 10. O-O O-O 11. Nbd2 Bf5 12. Nb3 Qc7 13. Re1 Rfe8 14. h3 a6 15. Ba4 Bd7 16. Bxc6 Bxc6 17. Nbd4 Ba4 18. Qd3 Ne4 19. Nd2 Nf6 20. N4f3 Bb5 21. Qe3 Ng4 22. hxg4 Bxb2 23. Rab1 Bg7 24. Nd4 Ba4 25.
N4b3 e5 26. g5 Rad8 27. Rbd1 Qc8 28. Nf3 Qf5 29. Re2 Bc6 30. Qc1 d4 31. Nbd2 h6 32.
Rde1 hxg5 33. Ne4 g4 34. Nd6 Rxd6 35. Nh4 Qh5 36. cxd6 Qxh4 37. c4 g3 38. f3 Qh2+ 0-1

[Event "Early-Titled-Tuesday-Blitz-April-02-2024"]
[Site "Chess.com"]
[Date "2024.04.02"]
[Round "4"]
[White "Happy1712Drummer"]
[Black "gorgeous1083"]
[Result "1-0"]
[WhiteElo "2500"]
[BlackElo "2207"]
[TimeControl "180+1"]
[EndTime "8:38:44 PDT"]
[Termination "Happy1712Drummer won by checkmate"]

1. e4 e6 2. d4 d5 3. e5 c5 4. c3 Qb6 5. Nf3 Nc6 6. Be2 Bd7 7. O-O Nh6 8. Bxh6 gxh6 9. Qd2 Rg8 10. Na3 a6 11. dxc5 Bxc5 12. b4 Bf8 13. Nc2 Rc8 14. Rfd1 h5 15. c4 Bxb4 16. Qd3 Bc5 17. cxd5 Bxf2+ 18. Kf1 exd5 19. Rab1 Qc5 20. Rdc1 Qa7 21. Qxd5 Be6 22. Qe4 Rg4 23. Qxh7 Be3 24. Rd1 Ke7 25.
Nxe3 Qxe3 26. Rxb7+ Kf8 27. Qh8+ Rg8 28. Qf6 Re8 29. Rd6 Nd4 30. Rxe6 Nxe6 31. Qxf7# 1-0

[Event "Early-Titled-Tuesday-Blitz-April-02-2024"]
[Site "Chess.com"]
[Date "2024.04.02"]
[Round "4"]
[White "Baku_Boulevard"]
[Black "maciek_92"]
[Result "1-0"]
[WhiteElo "3043"]
[BlackElo "2849"]
[TimeControl "180+1"]
[EndTime "8:38:45 PDT"]
[Termination "Baku_Boulevard won by checkmate"]

1. e4 c5 2. Nf3 e6 3. c3 Nf6 4. e5 Nd5 5. a3 d6 6. d4 cxd4 7. c4 Nc7 8. exd6 Bxd6 9. Qxd4 e5 10. Qd1 e4 11. Ng5 O-O 12. Nc3 Bf5 13. Be2 Re8 14. g4 Bg6 15. h4 h5 16. gxh5 Bf5 17.
Rg1 Nc6 18. h6 g6 19. h7+ Kg7 20. h5 Ne5 21. Ngxe4 Be7 22. Bf4 Bf6 23. Qxd8 Bxd8 24. O-O-O Kxh7 25. Nd6 Bf6 26. Nce4 Bh8 27. Ng5+ Kg8 28.
h6 Re7 29. h7+ Kf8 30. Nxf5 gxf5 31. Bh5 Ng6 32. Bd6 Ne8 33. Ne6+ fxe6 34. Rxg6 Nxd6 35.
Rg8# 1-0

[Event "Early-Titled-Tuesday-Blitz-April-02-2024"]
[Site "Chess.com"]
[Date "2024.04.02"]
[Round "4"]
[White "slidingknight2775"]
[Black "SharathRk6"]
[Result "1-0"]
[WhiteElo "2593"]
[BlackElo "2404"]
[TimeControl "180+1"]
[EndTime "8:38:45 PDT"]
[Termination "slidingknight2775 won by resignation"]

1. e4 e5 2. Nc3 Nf6 3. Nf3 Nc6 4. Bb5 a6 5. Bxc6 dxc6 6. O-O Nd7 7. d4 Bd6 8. Bg5 f6 9. Be3 O-O 10. h3 exd4 11. Qxd4 c5 12. Qd3 Nb6 13. b3 Be6 14. Rad1 Qe7 15. Rfe1 Rad8 16. Qe2 Qf7 17. e5 fxe5 18. Ne4 Qg6 19. Ng3 e4 20. Nh4 Qf6 21. Qh5 Bxg3 22. fxg3 Rxd1 23. Rxd1 Rd8 24. Rxd8+ Qxd8 25. Qxc5 Nd5 26. Qd4 Qf6 27. Qxe4 Nxe3 28.
Qxe3 h6 29. Kh2 Bd5 30. c4 Bc6 31. Nf3 Bxf3 32. Qxf3 Qb2 33. Qd5+ Kh7 34. Qxb7 Qxa2 35. Qxc7 Qxb3 36. c5 Qc4 37. c6 a5 38. Qd7 a4 39.
c7 a3 40. c8=Q 1-0

[Event "Early-Titled-Tuesday-Blitz-April-02-2024"]
[Site "Chess.com"]
[Date "2024.04.02"]
[Round "4"]
[White "Brahianzevich"]
[Black "Bob_2004"]
[Result "0-1"]
[WhiteElo "2527"]
[BlackElo "2379"]
[TimeControl "180+1"]
[EndTime "8:38:45 PDT"]
[Termination "Bob_2004 won by resignation"]

1. e4 c5 2. Nf3 g6 3. d4 cxd4 4. Nxd4 Nc6 5. Nc3 Bg7 6. Nde2 Nf6 7. g3 O-O 8. Bg2 Rb8 9. a4 d6 10. O-O b6 11. h3 Ba6 12. Be3 Rc8 13. Nd5 Nxd5 14.
exd5 Nb4 15. c3 Nd3 16. Qd2 Qc7 17. Rfd1 Ne5 18. Nd4 Nc4 19. Qc1 Nxe3 20. Qxe3 Bxd4 21. Rxd4 Rfe8 22. h4 h5 23. g4 hxg4 24. Rxg4 Qd7 25. Qg3 Rc4 26. Rg5 Rxa4 27. Rxa4 Qxa4 28. h5 Kg7 29.
hxg6 f6 30. Rh5 Qd1+ 31. Kh2 Qxh5+ 32. Bh3 Rh8 33. Qe3 Qxh3+ 34. Qxh3 Rxh3+ 35. Kxh3 Kxg6 0-1

[Event "Early-Titled-Tuesday-Blitz-April-02-2024"]
[Site "Chess.com"]
[Date "2024.04.02"]
[Round "4"]
[White "LiadCuba"]
[Black "Hamisandwich"]
[Result "0-1"]
[WhiteElo "2553"]
[BlackElo "2710"]
[TimeControl "180+1"]
[EndTime "8:38:47 PDT"]
[Termination "Hamisandwich won on time"]

1. d4 g6 2. c4 Bg7 3. e4 d6 4. Nc3 e5 5. Nf3 Nc6 6. Be3 Bg4 7. dxe5 Nxe5 8. Be2 Bxf3 9. Bxf3 Nf6 10. O-O Nxf3+ 11.
Qxf3 Nd7 12. Qe2 Bxc3 13. bxc3 O-O 14. f3 b6 15. Rfd1 Qe7 16. a4 a5 17. Qf1 f5 18.
Bh6 Rf7 19. exf5 Rxf5 20. Rd4 Qf6 21. Bd2 Re8 22. Re1 Rfe5 23. Rxe5 Rxe5 24. h4 Nc5 25.
Bf4 Re8 26. Bg5 Qe6 27. h5 Qf5 28. Rg4 gxh5 29. Rg3 Kf7 30. Kh2 Rg8 31. Bh4 Rxg3 32. Bxg3 Qd3 33. Qe1 Qxc4 34. Qe3 h4 35. Bf2 Ne6 0-1

[Event "Early-Titled-Tuesday-Blitz-April-02-2024"]
[Site "Chess.com"]
[Date "2024.04.02"]
[Round "4"]
[White "RamonManon0g"]
[Black "Zavgorodniy_Sergiy"]
[Result "0-1"]
[WhiteElo "2403"]
[BlackElo "2644"]
[TimeControl "180+1"]
[EndTime "8:38:47 PDT"]
[Termination "Zavgorodniy_Sergiy won on time"]

1. e4 c6 2. Nc3 d5 3. Qf3 d4 4. Bc4 e6 5. Nce2 b5 6. Bb3 c5 7.
e5 Qc7 8. Qxa8 Bb7 9. Qxa7 Nc6 10. Qxb7 Qxb7 11. c3 Nxe5 12. Kf1 d3 13. Nf4 c4 14. Bd1 Nf6 15. Nf3 Bd6 16. Nxe5 Bxe5 17. Bf3 Qc7 18. Nh3 O-O 19. a4 bxa4 20. Rxa4 h6 21. g3 g5 22. Ng1 g4 23. Bg2 h5 24. h3 Qc5 25.
hxg4 hxg4 26. Rh4 Qb5 27. Ra7 Qb3 28. Ke1 Qc2 29. Ra1 Rb8 30. Bc6 Rxb2 31. Bxb2 Qxb2 32. Rd1 Qb6 33. Bg2 Bxg3 34. Rxg4+ Nxg4 35. Nh3 Nxf2 0-1

[Event "Early-Titled-Tuesday-Blitz-April-02-2024"]
[Site "Chess.com"]
[Date "2024.04.02"]
[Round "4"]
[White "KATPAH"]
[Black "Tejas_Rama"]
[Result "1-0"]
[WhiteElo "2676"]
[BlackElo "2508"]
[TimeControl "180+1"]
[EndTime "8:38:48 PDT"]
[Termination "KATPAH won by resignation"]

1. e4 e5 2. d4 exd4 3. c3 Qe7 4. Bd3 d5 5. e5 Qxe5+ 6. Ne2 Nf6 7. cxd4 Bb4+ 8. Nc3 Qe7 9. O-O O-O 10. Bg5 c6 11. Re1 Qd8 12. Ng3 h6 13. Bf4 Bd6 14. Be5 Ng4 15.
Bc2 Nxe5 16. dxe5 Bc5 17. Qd3 g6 18. e6 f5 19. Rad1 Qf6 20. Bb3 Kh7 21. Bxd5 cxd5 22. Nxd5 Qg7 23. e7 Re8 24. Nc7 Rxe7 25. Rxe7 Bxe7 26. Nxa8 Nc6 27. Nc7 Bc5 28. Ne8 Qe7 29. Nd6 Be6 30. Nc4 Nb4 31. Qe2 Qf7 32. Ne5 Qg7 33.
Nf3 Bf7 34. Qe5 Qxe5 35. Nxe5 Nd5 36. Nxf7 Nf4 37. Rd7 1-0

[Event "Early-Titled-Tuesday-Blitz-April-02-2024"]
[Site "Chess.com"]
[Date "2024.04.02"]
[Round "4"]
[White "WCM-Mexicana"]
[Black "StankovicIvan"]
[Result "1-0"]
[WhiteElo "2282"]
[BlackElo "2474"]
[TimeControl "180+1"]
[EndTime "8:38:48 PDT"]
[Termination "WCM-Mexicana won on time"]

1. d4 d5 2. c4 c6 3. Nc3 Nf6 4. Nf3 a6 5. c5 Nbd7 6. g3 e5 7. dxe5 Ng4 8. Bf4 Bxc5 9. e3 Qe7 10. Bg5 f6 11. exf6 Ngxf6 12. Bg2 h6 13. Bxf6 Nxf6 14.
O-O O-O 15. a3 Bg4 16. Qc2 Rae8 17. Rac1 Nd7 18. Nd4 Bd6 19. Nce2 Ne5 20. h3 Bf3 21. Nxf3 Nxf3+ 22. Bxf3 Rxf3 23. Nd4 Rf6 24. Kg2 Ref8 25. b4 h5 26. h4 Qe5 27. Rce1 g6 28. f4 Qe7 29. e4 dxe4 30. Rxe4 Qf7 31. Rfe1 Qd5 32.
Nf3 c5 33. bxc5 Bxc5 34. Re5 Qd7 35. Qxc5 1-0

[Event "Early-Titled-Tuesday-Blitz-April-02-2024"]
[Site "Chess.com"]
[Date "2024.04.02"]
[Round "4"]
[White "DanielSaiz01"]
[Black "Kunalm64"]
[Result "0-1"]
[WhiteElo "2258"]
[BlackElo "2622"]
[TimeControl "180+1"]
[EndTime "8:38:48 PDT"]
[Termination "Kunalm64 won on time"]

1. d4 Nf6 2. c4 e6 3. Nf3 Bb4+ 4. Qd2 a5 5. Nc3 b6 6. a3 Ne4 7. Qc2 Bxc3+ 8. bxc3 f5 9. Nd2 Bb7 10. Nxe4 Bxe4 11. Qd1 O-O 12. f3 Bb7 13. e3 d6 14. Bd3 Qh4+ 15. g3 Qh3 16. Kf2 Nd7 17.
Bf1 Qh5 18. Bg2 Nf6 19. h3 Rae8 20. Rf1 Qg6 21. Qe1 Nh5 22. Kg1 Nxg3 23. Rf2 h5 24.
Kh2 h4 25. Bd2 e5 26. d5 f4 27. e4 Bc8 28. Qd1 Bd7 29. Qc2 Qh7 30. Rg1 Rf6 31.
Be1 Rg6 32. Rd2 Rg5 33. c5 bxc5 34. c4 Rb8 35. Qc1 Qg6 36. Rb2 Qe8 37. Rxb8 Qxb8 38. Bxa5 Ne2 39. Qd2 Nxg1 40. Kxg1 Bxh3 0-1

[Event "Early-Titled-Tuesday-Blitz-April-02-2024"]
[Site "Chess.com"]
[Date "2024.04.02"]
[Round "4"]
[White "Meri-Arabidze"]
[Black "Yaacovn"]
[Result "0-1"]
[WhiteElo "2686"]
[BlackElo "2853"]
[TimeControl "180+1"]
[EndTime "8:38:50 PDT"]
[Termination "Yaacovn won on time"]

1. d4 Nf6 2. c4 e5 3. dxe5 Ne4 4. Nf3 Nc6 5. Nbd2 Bb4 6. a3 Nxd2 7. Bxd2 Bxd2+ 8.
Qxd2 O-O 9. e3 Qe7 10. Qc3 Re8 11. Be2 Nxe5 12. Nxe5 Qxe5 13. Qxe5 Rxe5 14. O-O d6 15. Bf3 Bd7 16. Bxb7 Rb8 17. Bd5 Rxb2 18. Rfb1 Rb6 19. a4 c6 20. Bf3 Ra5 21. Rd1 c5 22. Rd2 Rxa4 23. Rad1 Rab4 24. h4 Kf8 25. Rxd6 Rxd6 26. Rxd6 Ke7 27. Ra6 Ra4 28. Rxa4 Bxa4 29. Kf1 Bb3 30.
Bd5 a5 31. Ke2 a4 32. Kd2 a3 33. Kc3 a2 34. Kb2 f6 35. e4 h6 36. f4 Kd6 37.
g3 Kd7 38. e5 fxe5 39. fxe5 Ke7 40. g4 g5 41. hxg5 hxg5 42. e6 Kd6 43. Ka1 Bd1 44.
Kxa2 Bxg4 45. Kb3 Bxe6 46. Bg2 Ke5 47. Ka4 Kd4 48. Kb5 Bxc4+ 49. Kc6 Bd3 0-1

[Event "Early-Titled-Tuesday-Blitz-April-02-2024"]
[Site "Chess.com"]
[Date "2024.04.02"]
[Round "4"]
[White "lefonghua"]
[Black "sergoy"]
[Result "1/2-1/2"]
[WhiteElo "2616"]
[BlackElo "2888"]
[TimeControl "180+1"]
[EndTime "8:38:50 PDT"]
[Termination "Game drawn by repetition"]

1. e4 c5 2. b4 e5 3. Nf3 Nc6 4. b5 Nd4 5. c3 Nxf3+ 6. Qxf3 Nf6 7. Bc4 Be7 8. O-O O-O 9. h3 b6 10. d3 Bb7 11. Bg5 d5 12. Bxf6 dxc4 13. Bxe7 Qxe7 14. dxc4 f5 15. Nd2 Rad8 16. Qe2 Qg5 17. Rad1 Qf4 18. Rfe1 fxe4 19. Nf1 Rd3 20. Ne3 h6 21. Rf1 Rfd8 22. Qh5 R8d6 23. Qe8+ Kh7 24. Qb8 Rxd1 25. Rxd1 Rxd1+ 26. Nxd1 Qc1 27. Qxb7 Qxd1+ 28. Kh2 Qc2 29. Qf7 e3 30. fxe3 Qe4 31. Qxa7 Qxe3 32. Qxb6 Qf4+ 33. Kh1 e4 34. Qe6 e3 35. b6 Qf1+ 36. Kh2 Qf4+ 37. Kh1 Qf1+ 38. Kh2 Qf4+ 39. Kh1 1/2-1/2